AoeStats
← 小桦

Arena

509124339Analyzed
4v4 RM · 7d ago on Sep 25, 2026· 59m 52s· 8 players
Game mode
Random Map
Map size
Large (8 player)
Population
200
Speed
Normal
Resources
Standard
Victory
Conquest
Starting age
Dark Age
Ending age
Imperial Age
RankedLock teamsTeams togetherTeam positionsShared explorationLock speedFull tech treeHidden civsTurbo modeCheats
Victory
Defeat
🇨🇳 Saxons · China
1456
+9
🇨🇳 Georgians · China
1345
+14
🇨🇳 Bohemians · China
1333
+14
🇹🇼 Varangians · Taiwan
1202
+19
🇻🇳 Britons · Vietnam
1323
-15
🇭🇰 Tatars · Hong Kong SAR China
1297
-14
🇨🇳 Varangians · China
1283
-14
🇨🇳 Wei · China
1266
-13
thomasshing2
10:33 Feudal Age
11:56 Double-Bit Axe
14:56 Castle Age
12:55 Horse Collar
15:51 Bow Saw
16:00 Heavy Plow
21:54 Wheelbarrow
21:42 Stone Mining
22:25 Gold Mining
24:06 Hand Cart
28:39 Imperial Age
26:51 Gold Shaft Mining
27:05 Loom
27:29 Fletching
27:39 Padded Archer Armor
28:59 Bloodlines
28:49 Husbandry
28:47 Heavy Cavalry Archer
29:49 Conscription
31:24 Chemistry
30:44 Ballistics
32:10 Light Cavalry
32:50 Bodkin Arrow
33:10 Leather Archer Armor
33:01 Scale Barding Armor
33:06 Forging
icu monster
11:35 Feudal Age
12:43 Horse Collar
12:51 Double-Bit Axe
13:26 Gold Mining
15:47 Castle Age
14:38 Gold Mining
17:09 Wheelbarrow
19:44 Bow Saw
19:59 Loom
19:59 Town Watch
19:59 Loom
19:59 Town Watch
21:54 Hand Cart
21:41 Heavy Plow
27:12 Imperial Age
25:45 Thumb Ring
25:31 Fletching
25:42 Padded Archer Armor
26:10 Bodkin Arrow
26:21 Scale Barding Armor
26:31 Bloodlines
26:22 Husbandry
27:46 Leather Archer Armor
27:36 Husbandry
26:58 Light Cavalry
28:18 Bracer
30:11 Chain Barding Armor
30:01 Forging
30:11 Chain Barding Armor
30:56 Parthian Tactics
32:06 Ring Archer Armor
32:12 Iron Casting
32:07 Ring Archer Armor
32:12 Iron Casting
32:10 Tuntian
33:11 Conscription
34:10 Blast Furnace
34:12 Chemistry
33:33 Ballistics
34:52 Ming Guang Armor
35:34 Hussar
37:37 Crop Rotation
37:26 Capped Ram
打咩哟~
10:36 Feudal Age
14:23 Castle Age
12:34 Double-Bit Axe
12:34 Horse Collar
15:09 Wheelbarrow
16:06 Wheelbarrow
19:05 Loom
20:46 Bow Saw
20:47 Heavy Plow
21:50 Hand Cart
28:11 Imperial Age
25:50 Stone Mining
25:50 Gold Mining
26:13 Scale Barding Armor
26:08 Scale Mail Armor
26:21 Forging
26:43 Town Watch
27:20 Chain Barding Armor
28:06 Ballistics
28:27 Iron Casting
28:10 Bloodlines
28:00 Husbandry
29:22 Conscription
30:17 Conscription
33:13 Elite Jarl
35:53 Plate Barding Armor
36:26 Blast Furnace
34:58 Light Cavalry
39:44 Capped Ram
40:57 Hussar
40:58 Siege Ram
43:05 Stone Shaft Mining
43:49 Coinage
53:20 Caravan
57:57 Siege Engineers
gianghodd01
10:20 Feudal Age
11:33 Double-Bit Axe
11:30 Horse Collar
17:03 Castle Age
14:49 Loom
19:48 Wheelbarrow
21:13 Gold Mining
21:42 Stone Mining
22:04 Town Watch
29:41 Imperial Age
29:14 Hand Cart
30:36 Squires
31:15 Conscription
31:29 Fletching
31:55 Padded Archer Armor
31:25 Pikeman
33:39 Yeomen
34:05 Bodkin Arrow
34:13 Warwolf
35:04 Bracer
36:00 Gold Shaft Mining
36:32 Leather Archer Armor
36:29 Forging
37:49 Chemistry
37:10 Ballistics
38:53 Ring Archer Armor
38:58 Iron Casting
39:31 Scale Mail Armor
39:34 Halberdier
42:38 Blast Furnace
42:35 Chain Mail Armor
43:09 Elite Longbowman
44:26 Hoardings
47:11 Plate Mail Armor
51:44 Arson
53:24 Masonry
53:28 Fortified Wall
53:26 Siege Engineers
NIDAYE
10:26 Feudal Age
8:50 Loom
14:24 Castle Age
13:41 Double-Bit Axe
13:37 Horse Collar
22:58 Bow Saw
22:50 Heavy Plow
30:45 Imperial Age
29:11 Wheelbarrow
28:21 Town Watch
30:03 Squires
29:49 Arson
29:53 Gambesons
31:53 Forging
31:43 Scale Mail Armor
31:35 Elite Varangian Guard
33:37 Conscription
32:40 Gothikon
34:50 Iron Casting
34:30 Chain Mail Armor
34:21 Gold Mining
34:49 Hand Cart
35:27 Scale Barding Armor
36:01 Crop Rotation
36:34 Two-Man Saw
38:59 Fletching
39:09 Padded Archer Armor
38:33 Elite Skirmisher
39:42 Ballistics
40:25 Chemistry
40:27 Bodkin Arrow
40:47 Leather Archer Armor
41:09 Heavy Scorpion
43:04 Town Patrol
48:12 Bracer
48:43 Ring Archer Armor
48:12 Onager
58:38 Plate Mail Armor
恩底弥翁之鹰
11:08 Feudal Age
15:08 Castle Age
13:06 Double-Bit Axe
14:05 Horse Collar
15:02 Wheelbarrow
23:15 Loom
26:16 Chemistry
26:38 Hand Cart
29:15 Imperial Age
27:50 Bow Saw
28:04 Heavy Plow
28:16 Scale Mail Armor
28:26 Forging
28:26 Pikeman
29:06 Squires
28:52 Arson
30:15 Halberdier
31:45 Conscription
32:24 Chain Mail Armor
32:45 Iron Casting
31:37 Houfnice
32:42 Siege Engineers
34:32 Fervor
34:57 Plate Mail Armor
35:27 Blast Furnace
35:02 Coinage
37:52 Banking
38:50 Wagenburg Tactics
58:34 Fortified Wall
59:14 Masonry
小桦
10:14 Feudal Age
11:40 Double-Bit Axe
14:18 Castle Age
13:24 Double-Bit Axe
13:42 Horse Collar
14:29 Loom
19:21 Wheelbarrow
19:47 Bow Saw
19:48 Town Watch
22:26 Hand Cart
22:07 Gold Mining
24:29 Scale Mail Armor
30:58 Imperial Age
29:33 Forging
30:34 Chain Mail Armor
31:36 Sanctity
32:59 Conscription
44:39 Two-Man Saw
44:16 Gold Shaft Mining
43:31 Stone Mining
43:44 Heavy Plow
44:07 Fletching
44:17 Padded Archer Armor
43:52 Elite Skirmisher
45:38 Chemistry
44:58 Ballistics
45:10 Plate Mail Armor
45:08 Bodkin Arrow
47:14 Bracer
47:30 Leather Archer Armor
47:46 Plate Mail Armor
47:51 Iron Casting
48:01 Squires
47:54 Elite Varangian Guard
48:57 Shield Wall
49:45 Bracer
50:01 Leather Archer Armor
50:16 Plate Mail Armor
50:21 Iron Casting
52:41 Ring Archer Armor
53:00 Thumb Ring
52:38 Shield Wall
54:40 Chemistry
54:00 Ballistics
59:35 Coinage
Elite Noob
10:01 Feudal Age
13:36 Castle Age
12:17 Double-Bit Axe
12:54 Horse Collar
19:12 Loom
22:08 Wheelbarrow
22:41 Bow Saw
25:13 Hand Cart
24:56 Stone Mining
24:57 Gold Mining
26:30 Fletching
29:24 Imperial Age
27:25 Guard Tower
27:55 Ballistics
27:16 Treadmill Crane
27:48 Masonry
27:37 Bodkin Arrow
28:34 Stone Shaft Mining
29:27 Fortified Wall
29:54 Svan Towers
29:44 Onager
30:28 Bracer
31:03 Architecture
31:41 Conscription
32:03 Keep
32:30 Arrowslits
33:46 Chemistry
32:55 Scale Barding Armor
32:58 Aznauri Cavalry
34:05 Siege Onager
35:06 Siege Engineers
35:12 Herbal Medicine
37:10 Heavy Plow
37:36 Chain Barding Armor
37:27 Forging
37:20 Town Watch
38:23 Light Cavalry
39:13 Bloodlines
39:03 Husbandry
40:05 Plate Barding Armor
40:06 Iron Casting
39:30 Hussar
40:26 Town Patrol
43:52 Blast Furnace
43:34 Crop Rotation
47:08 Coinage
46:49 Guilds
46:41 Scale Mail Armor
46:47 Capped Ram
50:45 Banking
51:52 Siege Ram
54:24 Cavalier
59:38 Chain Mail Armor
59:24 Padded Archer Armor
Connection lost

Rejoining the realm…

Still unreachable

The connection could not be restored.

Session expired

The server has moved on; the page needs a fresh start.